 Dungeon Crawl Stone Soup version 0.17.1-2-g5865329 (webtiles) character file.

163 Jobasha the Skirmisher (level 5, -2/57 HPs)
             Began as an Ogre Berserker on Jan 26, 2016.
             Was a Believer of Trog.
             Slain by Robin
             ... wielding a +0 spear
              (6 damage)
             ... on level 3 of the Dungeon.
             The game lasted 00:20:06 (3201 turns).

Jobasha the Skirmisher (Ogre Berserker)             Turns: 3201, Time: 00:20:06

Health: -2/57      AC:  6    Str: 23      XL:     5   Next: 44%
Magic:  4/4        EV: 10    Int:  2 (6)  God:    Trog [**....]
Gold:   90         SH:  0    Dex:  9      Spells: 0 memorised, 4 levels left

rFire  . . .     SeeInvis .       - Unarmed
rCold  . . .     Clarity  +     a - +0 animal skin
rNeg   . . .     SustAt   .     (no shield)
rPois  .         Gourm    +     (helmet restricted)
rElec  .         Spirit   .     u - +0 cloak
rCorr  .         Warding  .     (gloves unavailable)
rMut   .         Stasis   .     (boots unavailable)
MR     +....                    h - amulet of the gourmand
Stlth  +.........               (no ring)
                                (no ring)

@: exhausted, slowed, very slow, somewhat resistant to hostile enchantments,
very unstealthy
A: unfitting armour, yellow scales 1, clarity, low mp 1, magic resistance 1,
tough skin 1
a: Berserk, Trog's Hand, Burn Spellbooks, Renounce Religion


You were on level 3 of the Dungeon.
You worshipped Trog.
Trog was pleased with you.
You were very full.

You visited 1 branch of the dungeon, and saw 3 of its levels.

You collected 90 gold pieces.

Inventory:

Hand Weapons
 f - a +0 dagger of venom
 j - a +0 short sword of draining
 s - a +1 hunting sling of flaming
 t - a +4 quarterstaff of chaos
 v - a +0 mace
 y - a -3 dagger
Armour
 a - a +0 animal skin (worn)
 n - a +0 helmet
 o - a +0 scale mail
 u - a +0 cloak (worn)
Jewellery
 h - an amulet of the gourmand (around neck)
Wands
 r - a wand of digging (24)
Scrolls
 g - a scroll of remove curse
 i - 4 scrolls of noise {unknown}
 l - a scroll of random uselessness {unknown}
 p - a scroll of fear {unknown}
 q - 2 scrolls of identify {unknown}
Comestibles
 b - 3 bread rations
 d - a meat ration
 k - a slice of pizza
 m - 2 beef jerkies


   Skills:
 * Level 5.5 Fighting
 + Level 0.1 Staves
 + Level 4.0 Dodging
 + Level 0.3 Stealth
 + Level 3.5 Unarmed Combat


You had 4 spell levels left.
You didn't know any spells.

Dungeon Overview and Level Annotations

Branches:
Dungeon (3/15)

Altars:

Annotations:
D:3 Robin


Innate Abilities, Weirdness & Mutations

You are too large for most types of armour.
You have tough skin (AC +1).
You are partially covered in yellow scales (AC +2).
You possess an exceptional clarity of mind.
Your magical capacity is low (-10% MP).
You are resistant to hostile enchantments.


Message History

You closely miss Robin. Robin hits you but does no damage.
You hit Robin.
Robin is moderately wounded.
Robin hits you with a spear.
* * * LOW HITPOINT WARNING * * *
You hit Robin but do no damage.
Robin is moderately wounded.
Robin hits you with a spear!
* * * LOW HITPOINT WARNING * * *
Robin misses you.
You hit Robin.
Robin is moderately wounded.
Robin hits you with a spear.
* * * LOW HITPOINT WARNING * * *
Unknown command.
You aren't carrying any potions.
You hit Robin.
Robin is heavily wounded.
Robin hits you with a spear.
You die...

# #.#.#.# .... #
.#.#.###....# #####
........>... ..... ##
#.......... .... ...
#........# ####
....#........#.# #
.......g.....#.# ###
#.@†....#.# #..
.###.).†...#.# #..
.......)))...#.# #.#
##.........#.#.# ##.#
#.........#.#.######..#
...........+............
##.........#.#§######.##
#.........#.#§# #.##
###.#.....#.#§# #.#


You could see Robin.

Vanquished Creatures
  Crazy Yiuf (D:2)
  Jessica (D:2)
  Natasha (thrice) (D:2)
  An adder (D:2)
  A worm (D:2)
  2 giant geckos
  4 orcs (D:3)
  3 giant cockroaches
  9 hobgoblins
  3 bats
  A giant newt (D:2)
  20 goblins
  5 kobolds
  2 quokkas
  5 rats
  A fungus (D:2)
62 creatures vanquished.

Notes
Turn   | Place    | Note
--------------------------------------------------------------
     0 | D:1      | Jobasha the Ogre Berserker began the quest for the Orb.
     0 | D:1      | Reached XP level 1. HP: 24/24 MP: 1/1
   293 | D:1      | Gained mutation: You are clumsy. (Dex -2) [potion of mutation]
   293 | D:1      | Gained mutation: You are partially covered in yellow scales (AC +2). [potion of mutation]
   293 | D:1      | Gained mutation: You are resistant to hostile enchantments. [potion of mutation]
   601 | D:1      | Reached XP level 2. HP: 26/33 MP: 2/2
  1311 | D:2      | Reached XP level 3. HP: 23/40 MP: 3/3
  1497 | D:2      | Noticed Jessica
  1508 | D:2      | Killed Jessica
  1660 | D:2      | Reached XP level 4. HP: 47/49 MP: 4/4
  1709 | D:2      | Reached ** piety under Trog
  1816 | D:2      | Reached skill level 5 in Fighting
  1937 | D:2      | Lost mutation: You are clumsy. (Dex -2) [potion of mutation]
  1937 | D:2      | Gained mutation: You possess an exceptional clarity of mind. [potion of mutation]
  1937 | D:2      | Gained mutation: Your magical capacity is low (-10% MP). [potion of mutation]
  2219 | D:2      | Noticed Natasha
  2235 | D:2      | Killed Natasha
  2510 | D:2      | Noticed Crazy Yiuf
  2523 | D:2      | Killed Crazy Yiuf
  2523 | D:2      | Reached XP level 5. HP: 57/57 MP: 4/4
  2587 | D:2      | Noticed Natasha
  2590 | D:2      | Killed Natasha
  2624 | D:2      | Noticed Natasha
  2629 | D:2      | Killed Natasha
  3155 | D:3      | Noticed Robin
  3201 | D:3      | Slain by Robin

Action                   |  1- 3 |  4- 6 || total
-------------------------+-------+-------++-------
Melee: Unarmed           |   103 |   130 ||   233
       Short sword       |    23 |       ||    23
       Dagger            |     2 |    16 ||    18
       Quarterstaff      |       |    24 ||    24
Invok: Berserk           |       |     2 ||     2
       Trog's Hand       |       |     2 ||     2
  Use: Potion            |     3 |     6 ||     9
       Scroll            |     1 |     3 ||     4
  Eat: Chunk             |     9 |    13 ||    22
